 Dungeon Crawl Stone Soup version 0.31-a0-1424-g2add1c7226 (webtiles) character file.

Game seed: 10170550084359712819

54145 jasper the Brawler (level 14, -6/115 HPs)
             Began as a Demonspawn Cinder Acolyte on Dec 26, 2023.
             Was an Initiate of Jiyva.
             Killed by divine providence
             ... invoked by a smoke demon
              (13 damage)
             ... on level 5 of the Lair of Beasts.
             The game lasted 00:26:26 (17996 turns).

jasper the Brawler (Demonspawn Cinder Acolyte)     Turns: 17996, Time: 00:26:26

Health: -6/115     AC: 11    Str: 29    XL:     14   Next: 33%
Magic:  24/24      EV: 14    Int: 15    God:    Jiyva [......]
Gold:   853        SH:  0    Dex: 11    Spells: 15/15 levels left

rFire   . .          .
                       - Unarmed
rCold   . . .        (no shield)
rNeg    . . .        x - +0 swamp dragon scales
rPois   +            S - +1 hat of Serendipity {rCorr MP+9}
rElec   .            (cloak unavailable)
rCorr   +            i - +1 pair of gloves
SInv    .            M - +0 pair of boots
Will    +....        V - amulet of regeneration Stlth
                     k - +6 ring of strength
HPRegen 1.19/turn    n - +6 ring of strength
MPRegen 0.19/turn

%: no passive effects
@: mighty, on fire, glowing, fire susceptible
A: antennae 2, claws 2, foul stench 1, powered by pain 1, weakness stinger 3
a: Renounce Religion


You were on level 5 of the Lair of Beasts.
You worshipped Jiyva.
Jiyva was noncommittal.
You visited 2 branches of the dungeon, and saw 16 of its levels.
You also visited: Volcano.

You collected 1161 gold pieces.
You spent 308 gold pieces at shops.

Inventory:

Hand Weapons
 a - a +0 hand axe of electrocution
Missiles
 f - 124 stones
 g - 8 boomerangs (quivered)
 I - 2 curare-tipped darts
 J - a throwing net
Armour
 b - a +0 robe
 c - a +0 ring mail
 i - a +1 pair of gloves (worn)
 q - a +0 cloak
 r - a +0 chain mail
 x - +0 swamp dragon scales (worn)
 M - a +0 pair of boots (worn)
 S - the +1 hat of Serendipity (worn) {rCorr MP+9}
   (You found it on level 10 of the Dungeon)

   MP+9:      It affects your magic capacity (+9).
   rCorr:     It protects you from acid and corrosion.
Jewellery
 k - a +6 ring of strength (left hand)
 m - an amulet of guardian spirit
 n - a +6 ring of strength (right hand)
 y - a ring of magical power
 E - a ring of protection from cold
 V - an amulet of regeneration (around neck)
 X - a ring of fire
Talismans
 B - a maw talisman
 U - a serpent talisman
Wands
 G - a wand of charming (27)
 H - a wand of polymorph (15)
 L - a wand of roots (24)
 Q - a wand of mindburst (8)
 R - a wand of flame (14)
 T - a wand of digging (6)
Scrolls
 h - 4 scrolls of immolation
 o - 4 scrolls of fear
 s - 4 scrolls of enchant weapon
 t - 4 scrolls of poison
 u - 3 scrolls of vulnerability
 v - 3 scrolls of torment
 C - 5 scrolls of teleportation
 D - 3 scrolls of fog
 O - 2 scrolls of amnesia
 P - 2 scrolls of identify
Potions
 d - 4 potions of mutation
 e - a potion of brilliance
 j - 6 potions of invisibility
 l - 3 potions of degeneration
 p - 2 potions of curing
 w - 2 potions of berserk rage
 z - 3 potions of attraction
 A - 2 potions of might
 F - a potion of enlightenment
 K - 2 potions of haste
 N - 5 potions of lignification
 W - a potion of cancellation


   Skills:
 - Level 12.0 Fighting
 - Level 3.2 Axes
 - Level 10.0 Dodging
 - Level 15.0 Unarmed Combat
 - Level 1.0 Spellcasting
 - Level 2.6 Fire Magic
 + Level 9.9 Shapeshifting


You had 15 spell levels left.
You didn't know any spells.
Your spell library contained the following spells:

 Spells                   Type           Power      Damage    Failure   Level
 Scorch                   Fire           16%        2d5       19%         2
 Apportation              Tloc           0%         N/A       34%         1
 Magic Dart               Conj           0%         1d3       34%         1
 Sandblast                Erth           0%         2d4       34%         1
 Blink                    Tloc           0%         N/A       47%         2
 Call Imp                 Summ           0%         N/A       47%         2
 Jinxbite                 Hex            0%         N/A       47%         2
 Passwall                 Alch/Erth      0%         N/A       47%         2
 Volatile Blastmotes      Fire/Tloc      8%         2d10      52%         3
 Stone Arrow              Conj/Erth      0%         3d7       71%         3
 Tukima's Dance           Hex            0%         N/A       71%         3
 Animate Armour           Summ/Erth      0%         N/A       98%         4
 Animate Dead             Necr           0%         N/A       98%         4
 Brom's Barrelling Bould  Conj/Erth      0%         2d3       98%         4
 Fulminant Prism          Conj/Alch      0%         3d5       98%         4
 Iskenderun's Mystic Bla  Conj/Tloc      0%         2d3       98%         4
 Leda's Liquefaction      Alch/Erth      0%         N/A       98%         4
 Olgreb's Toxic Radiance  Alch           0%         N/A       98%         4
 Passage of Golubria      Tloc           0%         N/A       98%         4
 Alistair's Intoxication  Alch           0%         N/A       100%        5
 Lee's Rapid Deconstruct  Erth           0%         3d4*      100%        5
 Silence                  Hex/Air        0%         N/A       100%        5
 Summon Forest            Summ/Tloc      0%         N/A       100%        5
 Summon Mana Viper        Hex/Summ       0%         N/A       100%        5
 Yara's Violent Unravell  Hex/Alch       0%         3d3       100%        5
 Bombard                  Conj/Erth      0%         9d1       100%        6
 Summon Cactus Giant      Summ           0%         N/A       100%        6
 Haunt                    Necr/Summ      0%         N/A       100%        7
 Ozocubu's Refrigeration  Ice            0%         4d7       100%        7
 Discord                  Hex            0%         N/A       100%        8
 Infestation              Necr           0%         N/A       100%        8
 Lehudib's Crystal Spear  Conj/Erth      0%         10d2      100%        8


Dungeon Overview and Level Annotations

Branches:
Dungeon (11/15)            Temple (0/1) D:4            Lair (5/5) D:10
 Shoals (0/4) Lair:3       Spider (0/4) Lair:3        Slime (0/5) Lair:5
Volcano (visited)
    Orc: D:9-12

Altars:
Dithmenos
Hepliaklqana
Makhleb
Nemelex Xobeh
Okawaru
Qazlal
Trog
Uskayaw
Wu Jian
Xom
Yredelemnul
Jiyva

Shops:
D:11 (!

Annotations:
D:4 3 runed translucent doors, BigPumpCobain's ghost, amateur TrSh
D:5 3 runed translucent doors, Loonster's ghost, novice TrSh
D:10 3 runed translucent doors, Tollund's ghost, novice FeSh; Urug
Lair:2 exclusion: oklob plant


Innate Abilities, Weirdness & Mutations

You have a pair of antennae on your head.
You have very sharp fingernails.
You may rarely emit foul miasma when damaged in melee.
You sometimes gain a little power by taking damage.
You have a sharp stinger which inflicts weakening toxins.


Message History

You kill the ynoxinul!
The ufetubus disappears in a puff of smoke! x6
The liquid fire burns you!
You punch the blink frog!
Your tail-slap misses the blink frog.
The blink frog is moderately wounded.
The liquid fire burns you!
You take 11 damage, and have 47/115 hp.
You hit the blink frog.
The blink frog is heavily wounded.
The liquid fire burns you! The blink frog hits you.
You emit a cloud of foul miasma!
The blink frog blinks!
A smoke demon comes into view.
You take 10 damage, and have 37/115 hp.
You swing at nothing.
The liquid fire burns you!
* * * LOW HITPOINT WARNING * * *
You swing at nothing.
The liquid fire burns you!
* * * LOW HITPOINT WARNING * * *
The blink frog blinks!
You swing at nothing.
The liquid fire burns you!
* * * LOW HITPOINT WARNING * * *
You punch the smoke demon!
You tail-slap the smoke demon, but do no damage.
The smoke demon is moderately wounded.
The liquid fire burns you!
* * * LOW HITPOINT WARNING * * *
The smoke demon gestures at you. The pyre arrow hits you.
You are even more covered in intense liquid fire!
You punch the smoke demon!
The smoke demon is heavily wounded.
The liquid fire burns you!
* * * LOW HITPOINT WARNING * * *
The blink frog blinks!
The smoke demon gestures at you. Something smites you!
You die...

........♣ { ♣
#.....#.♣♣5. ♣ ♣♣♣
#....#.♣♣ ..♣♣ ♣.♣♣♣
♣♣♣.. #...##♣♣ F3§
.....♣♣♣♣♣♣.... #....♣
.. ♣...♣♣......♣ ....♣♣
♣♣.§ { ♣.......♣♣♣
.....♣ ♣♣♣♣♣..♣♣
♣♣♣).....♣♣ .....♣
♣......F♣♣♣♣♣♣......♣♣♣
.....♣
♣....F3@.♣♣.....♣♣♣
..#♣♣♣
♣♣♣♣..♣♣...))♣♣♣♣ .##
♣♣♣♣♣♣♣♣♣♣♣ ##


You could see a smoke demon and 2 blink frogs.

Vanquished Creatures
  Harold (D:11)
  Fannar (Lair:3)
  5 hydras
  7 death yaks
  5 two-headed ogres
  2 boulder beetles
  2 thrashing horrors (Lair:5)
  A hell hog (Volcano)
  Amaemon (Lair:3)
  A skyshark (Lair:3)
  A pharaoh ant (Lair:3)
  A deep elf pyromancer (D:10)
  A deep elf zephyrmancer (D:10)
  3 large abominations (Lair:5)
  5 elephants (Lair:5)
  2 salamanders (Volcano)
  2 black mambas (Lair:4)
  A guardian serpent (D:11)
  An orange demon (Lair:3)
  9 cane toads
  A torpor snail (Lair:4)
  2 smoke demons (Lair:5)
  6 komodo dragons
  Maggie (D:7)
  5 rime drakes
  3 trolls
  Grinder (D:3)
  13 blink frogs
  A tarantella (Lair:3)
  5 polar bears
  A hornet (D:7)
  2 raiju (Lair:5)
  Sigmund (D:2)
  8 small abominations (Lair:5)
  A ynoxinul (Lair:5)
  A shadow (D:11)
  6 wyverns
  A spriggan (Lair:5)
  2 fire elementals (Lair:5)
  A wraith (D:11)
  44 yaks
  2 hogs (Lair:3)
  2 fire bats (Volcano)
  6 steam dragons
  8 vampire mosquitoes (D:11)
  2 chaos spawn (Lair:5)
  6 basilisks
  12 water moccasins
  A hell hound (Volcano)
  2 orc warriors
  A swamp drake (D:10)
  3 black bears
  8 ice beasts
  A sky beast (D:6)
  5 centaurs
  An ogre (D:7)
  15 wolves
  2 phantoms
  4 kobold brigands
  8 bullfrogs
  4 scorpions
  18 killer bees
  3 electric eels (Lair:2)
  3 lava snakes (Lair:2)
  3 bombardier beetles
  A crimson imp (D:10)
  14 jellies
  An iron imp (D:10)
  5 orc priests
  2 gnoll boudas
  4 hounds
  Crazy Yiuf (D:3)
  2 iguanas (D:5)
  10 orc wizards
  4 hell rats (Lair:4)
  Robin (D:2)
  9 gnolls
  10 adders
  4 white imps
  2 ufetubi (D:5)
  2 worms
  2 dart slugs
  35 orcs
  4 ball pythons
  10 endoplasms
  4 giant cockroaches
  17 goblins
  7 hobgoblins
  5 jackals
  5 quokkas
  4 bats
  2 frilled lizards
  27 kobolds
  3 rats
475 creatures vanquished.

Vanquished Creatures (others)
  Kirke (Lair:3)
  A jelly (Lair:5)
  A white imp (D:10)
  An orc (D:10)
4 creatures vanquished.

Grand Total: 479 creatures vanquished

Notes
Turn   | Place    | Note
-------+----------+-------------------------------------------
     0 | D:1      | jasper the Demonspawn Cinder Acolyte began the quest for
                  | the Orb.
     0 | D:1      | Reached XP level 1. HP: 18/18 MP: 2/2
   354 | D:1      | You fall into a shaft and drop 1 floor!
   426 | D:2      | Discovered your monstrous ancestry.
   426 | D:2      | Gained mutation: You have a pair of small antennae on your
                  | head. [demonic ancestry]
   426 | D:2      | Reached XP level 2. HP: 24/24 MP: 3/3
   555 | D:2      | Noticed Robin
   559 | D:2      | Reached skill level 1 in Unarmed Combat
   565 | D:2      | Reached XP level 3. HP: 29/29 MP: 4/4
   569 | D:2      | Killed Robin
   872 | D:1      | Reached skill level 2 in Unarmed Combat
  1383 | D:2      | Gained mutation: You have a small tail. [demonic ancestry]
  1383 | D:2      | Reached XP level 4. HP: 35/35 MP: 5/5
  1396 | D:2      | Noticed Sigmund
  1404 | D:2      | Killed Sigmund
  1405 | D:2      | Reached skill level 3 in Unarmed Combat
  1405 | D:2      | Gained mutation: You have a pair of antennae on your head.
                  | [demonic ancestry]
  1405 | D:2      | Reached XP level 5. HP: 41/43 MP: 6/6
  1509 | D:2      | Found a burning altar of Makhleb.
  1875 | D:2      | Reached skill level 4 in Unarmed Combat
  2074 | D:3      | Found a faded altar of an unknown god.
  2084 | D:3      | Reached XP level 6. HP: 49/49 MP: 7/7
  2153 | D:3      | Found a runed translucent door.
  2154 | D:3      | Noticed Crazy Yiuf
  2486 | D:3      | Noticed Grinder
  2486 | D:3      | Found a burning altar of Makhleb.
  2493 | D:3      | Paralysed by Grinder for 4 turns
  2530 | D:3      | Paralysed by Grinder for 2 turns
  2541 | D:3      | Paralysed by Grinder for 4 turns
  2541 | D:3      | Killed Grinder
  2542 | D:3      | Reached skill level 5 in Fighting
  2542 | D:3      | Reached skill level 5 in Unarmed Combat
  2689 | D:3      | Found a bloodstained altar of Trog.
  2811 | D:3      | Found an iron altar of Okawaru.
  2949 | D:3      | Killed Crazy Yiuf
  2950 | D:3      | Reached XP level 7. HP: 52/56 MP: 8/8
  3621 | D:4      | Found a sparkling altar of Nemelex Xobeh.
  3624 | D:4      | Found a basalt altar of Yredelemnul.
  3629 | D:4      | Found a stormy altar of Qazlal.
  3906 | D:4      | Found a staircase to the Ecumenical Temple.
  4018 | D:4      | Found a runed translucent gate.
  4018 | D:4      | Noticed BigPumpCobain's ghost (amateur TrSh)
  4019 | D:4      | Found a runed translucent gate.
  4020 | D:4      | Identified the +2 ring mail of Trial and Error {rC+ Will+
                  | rCorr}
  4021 | D:4      | Found a runed translucent gate.
  4097 | D:5      | Entered Level 5 of the Dungeon
  4126 | D:5      | Found a hide-covered altar of Uskayaw.
  4139 | D:5      | Reached skill level 6 in Unarmed Combat
  4694 | D:5      | Reached XP level 8. HP: 44/64 MP: 5/9
  4781 | D:5      | Found a runed translucent gate.
  4781 | D:5      | Found a runed translucent gate.
  4781 | D:5      | Found a runed translucent gate.
  4786 | D:5      | Noticed Loonster's ghost (novice TrSh)
  5226 | D:5      | Reached skill level 7 in Unarmed Combat
  5377 | D:5      | Found an ornate altar of the Wu Jian Council.
  5859 | D:6      | Found a faded altar of an unknown god.
  5861 | D:6      | Found a hazy altar of Hepliaklqana.
  6017 | D:6      | Reached skill level 1 in Dodging
  6017 | D:6      | Reached skill level 8 in Unarmed Combat
  6514 | D:7      | Gained mutation: You have sharp fingernails. [demonic
                  | ancestry]
  6514 | D:7      | Reached XP level 9. HP: 65/72 MP: 8/10
  6940 | D:7      | Noticed Maggie
  6957 | D:7      | Killed Maggie
  7079 | D:7      | Reached skill level 9 in Unarmed Combat
  8170 | D:8      | Found a shimmering altar of Xom.
  8176 | D:8      | Found a shadowy altar of Dithmenos.
  8418 | D:9      | Reached skill level 10 in Unarmed Combat
  8424 | D:9      | Gained mutation: You have a tail ending in a sharp stinger.
                  | [demonic ancestry]
  8424 | D:9      | Reached XP level 10. HP: 74/82 MP: 9/11
  9275 | D:10     | Entered Level 10 of the Dungeon
  9541 | D:9      | Reached skill level 5 in Dodging
  9695 | D:10     | Reached skill level 11 in Unarmed Combat
  9772 | D:10     | Found a staircase to the Lair.
  9795 | D:10     | Noticed a two-headed ogre
  9824 | D:10     | Killed a two-headed ogre
 10045 | D:10     | Gained mutation: You sometimes gain a little power by
                  | taking damage. [demonic ancestry]
 10045 | D:10     | Reached XP level 11. HP: 65/89 MP: 9/12
 10292 | D:10     | Found a runed translucent gate.
 10292 | D:10     | Found a runed translucent gate.
 10292 | D:10     | Found a runed translucent gate.
 10293 | D:10     | Noticed Tollund's ghost (novice FeSh)
 10413 | D:10     | Noticed a deep elf zephyrmancer
 10423 | D:10     | Killed a deep elf zephyrmancer
 10531 | D:10     | Identified the +1 hat of Serendipity {rCorr MP+9}
 10750 | D:10     | Noticed a deep elf pyromancer
 10760 | D:10     | Killed a deep elf pyromancer
 10816 | D:10     | Noticed Urug
 10984 | D:11     | Found Nyitohub's Distillery.
 10993 | D:11     | Bought 2 potions of lignification for 84 gold pieces
 10993 | D:11     | Bought a potion of lignification for 42 gold pieces
 10993 | D:11     | Bought a potion of invisibility for 112 gold pieces
 10993 | D:11     | Bought a potion of berserk rage for 70 gold pieces
 11046 | D:11     | Reached skill level 12 in Unarmed Combat
 11168 | D:11     | Reached skill level 10 in Fighting
 11341 | D:11     | Noticed a two-headed ogre
 11350 | D:11     | Killed a two-headed ogre
 11528 | D:11     | Noticed Harold
 11540 | D:11     | Killed Harold
 11559 | D:11     | Noticed a two-headed ogre
 11578 | D:11     | Killed a two-headed ogre
 11817 | D:11     | Found Mank's Weapon Shop.
 11817 | D:11     | Noticed a boulder beetle
 11834 | D:11     | Reached skill level 13 in Unarmed Combat
 11852 | D:11     | Killed a boulder beetle
 12070 | D:11     | Gained mutation: You may rarely emit foul miasma when
                  | damaged in melee. [demonic ancestry]
 12070 | D:11     | Reached XP level 12. HP: 99/99 MP: 13/13
 12385 | Lair:1   | Entered Level 1 of the Lair of Beasts
 12670 | Lair:1   | Found a dark tunnel.
 12699 | Volcano  | Entered a volcano
 12727 | Volcano  | Noticed a two-headed ogre
 12727 | Volcano  | Noticed a two-headed ogre
 12727 | Volcano  | Noticed a hell hog
 12733 | Volcano  | Killed a hell hog
 12741 | Volcano  | Killed a two-headed ogre
 12746 | Volcano  | Killed a two-headed ogre
 13017 | Lair:1   | Noticed a five-headed hydra
 13024 | Lair:1   | Killed a five-headed hydra
 13511 | Lair:1   | Reached skill level 14 in Unarmed Combat
 14647 | Lair:3   | Noticed Amaemon
 14661 | Lair:3   | Killed Amaemon
 14847 | Lair:3   | Found a hole to the Spider Nest.
 14848 | Lair:3   | Noticed Fannar
 14875 | Lair:3   | Gained mutation: You have very sharp fingernails. [demonic
                  | ancestry]
 14875 | Lair:3   | Reached XP level 13. HP: 28/108 MP: 14/14
 14894 | Lair:3   | Killed Fannar
 15044 | Lair:3   | Found the +8 trishula "Condemnation" {holy, anguish, *Noise
                  | Fly rN+}
 15082 | Lair:3   | Found a staircase to the Shoals.
 15120 | Lair:3   | Noticed Kirke
 15160 | Lair:3   | Killed Kirke
 15161 | Lair:3   | Reached skill level 15 in Unarmed Combat
 15679 | Lair:4   | Reached skill level 10 in Dodging
 15718 | Lair:4   | Reached skill level 1 in Shapeshifting
 16323 | Lair:5   | Entered Level 5 of the Lair of Beasts
 16389 | Lair:4   | Reached skill level 5 in Shapeshifting
 16944 | Lair:5   | Found a staircase to the Slime Pits.
 16944 | Lair:5   | Found a viscous altar of Jiyva.
 17030 | Lair:5   | Fell from the grace of Ignis
 17030 | Lair:5   | Became a worshipper of Jiyva Jaykoopp the Shapeless
 17494 | Lair:5   | Gained mutation: You have a sharp stinger which inflicts
                  | weakening toxins. [demonic ancestry]
 17494 | Lair:5   | Reached XP level 14. HP: 107/115 MP: 15/15
 17996 | Lair:5   | Killed from afar by a smoke demon

Illustrated notes

Levels and vault maps discovered:
D:1:      lightli_arrival_farm, layout_basic, serial_forest,
          infiniplex_forest_end_2, infiniplex_forest_lined_2,
          infiniplex_forest_lined_corner, infiniplex_forest_corner_1,
          infiniplex_forest_clump_curved, infiniplex_forest_straight_3
D:2:      layout_loops_corners, basic_altar, uniq_robin, uniq_sigmund
D:3:      kb_forest_paths, layout_rooms, lightli_temple_of_fire,
          okawaru_ov_weapons_minmay, trog_book, shapermc_ecumenical_altar_venn,
          uniq_grinder, uniq_crazy_yiuf_cottage
D:4:      layout_loops_corners, grunt_temple_overflow_diamond,
          minmay_temple_entry_fiery, biasface_ghost_orc_armoury
D:5:      minmay_diamond_boxcup, layout_basic, nzn_wu_jian_council_hall,
          mainiacjoe_overflow_paths, gammafunk_ghost_necromancy,
          nicolae_zig_zag_zippers
D:6:      layout_basic, beargit_hepliaklqana_dungeon_heroes
D:7:      layout_loops_ring, zin_academy, st_stairs_8, uniq_maggie
D:8:      layout_basic, minmay_overflow_temple_star_quad
D:9:      layout_long_grid, minivault_5
D:10:     layout_basic, hellmonk_lair_entry_icy, ebering_ghost_rock_garden,
          hangedman_minor_magic, uniq_urug
D:11:     layout_roguey, serial_shops, shop_statue, nicolae_square_shop,
          nrook_guardian_serpent_double, uniq_harold
Lair:1:   layout_regular_city, nicolae_volcano_entry_two_sided
Lair:2:   layout_long_grid, nicolae_lair_liquid_snakes
Lair:3:   layout_chaotic_city, elwin_shoals_entry_rocks,
          nicolae_spider_entry_lesser_pyramids, uniq_amaemon, uniq_kirke,
          uniq_fannar
Lair:4:   layout_cave_shapes, grunt_megastairs_1
Lair:5:   hellmonk_lair_end_abyssal_woods, layout_long_grid,
          minmay_slime_entry_jelly_boxes, minmay_lair_oklob_items, wad_woods_03

Skill      XL: |  1  2  3  4  5  6  7  8  9 10 11 12 13 14 |
---------------+-------------------------------------------+-----
Axes           | 3 |  3.2
Unarmed Combat | 1 2 3 4 5 6 8 10 11 13 14 15 | 15.0
Fighting       | 4 5 6 7 8 9 10 12 | 12.0
Dodging        | 1 4 5 7 9 10 | 10.0
Shapeshifting  | 8 9 |  9.9
Spellcasting   | |  1.0
Fire Magic     | |  2.6

Action                     |  1- 3 |  4- 6 |  7- 9 | 10-12 | 13-15 || total
---------------------------+-------+-------+-------+-------+-------++-------
  Melee: Hand axe          |    92 |    34 |       |       |       ||   126
         Punch             |     1 |     3 |     9 |    45 |    47 ||   105
         Tailslap          |       |     9 |    53 |    91 |   107 ||   260
         Unarmed           |       |    39 |   410 |   606 |   553 ||  1608
  Throw: Boomerang         |     5 |    18 |     5 |     9 |    13 ||    50
         Throwing net      |       |       |       |     2 |       ||     2
 Invoke: Fiery Armour      |     1 |     2 |       |     5 |     3 ||    11
  Evoke: Wand              |       |       |       |     7 |       ||     7
    Use: Scroll            |     1 |     6 |    11 |     7 |     2 ||    27
         Potion            |       |       |       |     1 |     1 ||     2
 Armour: Robe              |     7 |       |       |       |       ||     7
         Ring mail         |    60 |    31 |       |       |       ||    91
         Chain mail        |       |    21 |   178 |       |       ||   199
         Swamp dragon scal |       |       |    78 |   486 |   377 ||   941
         Skin              |       |       |       |       |    15 ||    15
  Dodge: Dodged            |    64 |    28 |   190 |   379 |   376 ||  1037

Table legend: (Time is in decaauts)
 A = Elapsed time spent in this place.
 B = Non-inter-level travel time spent in this place.
 C = Inter-level travel time spent in this place.
 D = Time resting spent in this place.
 E = Time spent auto-exploring this place.
 F = Levels seen in this place.
 G = Mean time per level.
                   A        B        C        D        E       F      G
               +--------+--------+--------+--------+--------+-----+--------+
         Total |  17730 |  17157 |    573 |    962 |  12227 |  17 | 1042.9 |
       Dungeon |  12309 |  11857 |    452 |    443 |   9091 |  11 | 1119.0 |
          Lair |   5171 |   5050 |    121 |    459 |   3132 |   5 | 1034.2 |
       Volcano |    250 |    250 |      0 |     60 |      4 |   1 |  250.0 |
               +--------+--------+--------+--------+--------+-----+--------+

Top non-repeatable levels by time:
    D:11: 1480 daAuts
  Lair:5: 1439 daAuts
     D:5: 1319 daAuts
    D:10: 1277 daAuts
     D:9: 1224 daAuts
     D:1: 1153 daAuts
     D:4: 1100 daAuts
     D:7: 1094 daAuts
  Lair:1: 1037 daAuts
  Lair:3: 1034 daAuts
     D:2: 967 daAuts
     D:6: 931 daAuts
     D:3: 918 daAuts
     D:8: 843 daAuts
  Lair:2: 833 daAuts
